 Dungeon Crawl Stone Soup version 0.25-a0-613-gf4b266557c (webtiles) character file.

Game seed: 13191583519812521630, levelgen mode: deterministic

193 Eurus the Insei (level 5, 19/39 HPs)
             Began as a Demonspawn Transmuter on Mar 17, 2020.
             Quit the game on level 2 of the Dungeon.
             The game lasted 00:04:24 (2521 turns).

Eurus the Insei (Demonspawn Transmuter)             Turns: 2521, Time: 00:04:24

Health: 19/39      AC:  2    Str: 10    XL:     5   Next: 44%
Magic:  9/9        EV: 13    Int: 15    God:
Gold:   97         SH:  0    Dex: 16    Spells: 6/9 levels left

rFire    . . .     SeeInvis .     - Unarmed
rCold    . . .     Gourm    .   (no shield)
rNeg     . . .     Faith    .   b - +0 robe
rPois    .         Spirit   .   (no helmet)
rElec    .         Reflect  .   (no cloak)
rCorr    .         Harm     .   (no gloves)
MR       .....                  (no boots)
Stlth    ++........             (no amulet)
HPRegen  0.13/turn              (no ring)
MPRegen  0.11/turn              (no ring)

@: appendage
A: horns 2, thin skeletal structure 1, powered by pain 2
a: End Transformation


You were on level 2 of the Dungeon.
You were not hungry.
You had grown temporary horns.
You visited 1 branch of the dungeon, and saw 3 of its levels.

You collected 97 gold pieces.

Inventory:

Missiles
 a - 39 arrows
Armour
 b - a +0 robe (worn)
Jewellery
 g - an uncursed amulet of the acrobat {unknown}
 j - an uncursed ring of wizardry {unknown}
Scrolls
 c - a scroll of fog {unknown}
 e - a scroll of amnesia {unknown}
 f - 3 scrolls of remove curse {unknown}
 h - 2 scrolls of identify {unknown}
 k - 2 scrolls of immolation {unknown}
Potions
 i - a potion of invisibility {unknown}
 l - a potion of mutation {unknown}
 m - a potion of stabbing {unknown}
 n - a potion of brilliance {unknown}
Comestibles
 d - 3 rations
 o - 2 chunks of flesh


   Skills:
 + Level 2.4 Fighting
 + Level 2.8 Dodging
 + Level 3.4 Unarmed Combat
 + Level 2.9 Spellcasting
 + Level 2.7 Transmutations


You had 6 spell levels left.
You knew the following spells:

 Your Spells              Type           Power        Failure   Level  Hunger
a - Beastly Appendage     Tmut           ##....       6%          1    #......
b - Sticks to Snakes      Tmut           ##......     10%         2    ##.....

Your spell library contained the following spells:

 Spells                   Type           Power        Failure   Level  Hunger
 Spider Form              Tmut/Pois      #.........   34%         3    ###....
 Ice Form                 Ice/Tmut       #.......     75%         4    #####..
 Blade Hands              Tmut           ##........   87%         5    ######.


Dungeon Overview and Level Annotations

Branches:
Dungeon (3/15)

Altars:

Annotations:
D:1 1 exclusion


Innate Abilities, Weirdness & Mutations

You have a somewhat thin skeletal structure. (Dex +2, Stealth)
You sometimes gain power by taking damage.
You have a pair of horns on your head.


Message History

Your ball python closely misses the ogre.
Your ball python bites the ogre.
You hit the ogre but do no damage.
The ogre is heavily wounded.
Your ball python bites the ogre.
Your ball python bites the ogre but does no damage.
The ogre misses you.
You hit the ogre but do no damage. You headbutt the ogre!
The ogre is severely wounded.
Your ball python closely misses the ogre.
Your ball python bites the ogre but does no damage.
You hit the ogre.
The ogre is almost dead.
Your ball python bites the ogre. x2
The ogre dies!
You have reached level 5!
Your demonic ancestry asserts itself...
Your bones become slightly less dense.
Your ball python looks stronger.
Are you sure you want to abandon this character and quit the game? (Confirm with "yes".)

##.#.#.##########.###
.....#..# #.........##
###.###.# #.#........#
##.....# #.#.###.#..#
##...).## #.#.#...#..#
#.......###.#...###..#
.........##.#...###..#
.........'...........#
.........##.....@S...#
#.......####.#.S)###.#
##.....## #.........#
###...## #####.##### #
##'## #.# # #.# #.# #
#.# #.# ##.####### #.#
##......... ..#


You could see 2 friendly ball pythons.

Vanquished Creatures
  A bullfrog (D:2)
  A bullfrog zombie (D:2)
  An adder (D:2)
  A dart slug (D:1)
  A leopard gecko (D:1)
  2 giant cockroaches (D:1)
  3 goblins (D:1)
  A hobgoblin (D:1)
  A quokka (D:3)
  6 bats
  4 frilled lizards
  6 kobolds
  4 rats (D:2)
32 creatures vanquished.

Vanquished Creatures (collateral kills)
  An ogre (D:2)
1 creature vanquished.

Grand Total: 33 creatures vanquished

Notes
Turn   | Place    | Note
-------+----------+-------------------------------------------
     0 | D:1      | Eurus the Demonspawn Transmuter began the quest for the
                  | Orb.
     0 | D:1      | Reached XP level 1. HP: 15/15 MP: 3/3
   344 | D:1      | Gained mutation: You sometimes gain a little power by
                  | taking damage. [demonic ancestry]
   344 | D:1      | Reached XP level 2. HP: 14/21 MP: 5/5
   349 | D:1      | Learned a level 2 spell: Sticks to Snakes
  1537 | D:2      | Reached skill level 3 in Unarmed Combat
  1537 | D:2      | Reached XP level 3. HP: 6/27 MP: 4/6
  2029 | D:2      | Noticed a bullfrog
  2037 | D:2      | Killed a bullfrog
  2037 | D:2      | Gained mutation: You sometimes gain power by taking damage.
                  | [demonic ancestry]
  2037 | D:2      | Reached XP level 4. HP: 9/33 MP: 1/7
  2314 | D:2      | You fall into a shaft and drop 1 floor!
  2507 | D:2      | Noticed an ogre
  2520 | D:2      | Killed an ogre
  2520 | D:2      | Gained mutation: You have a somewhat thin skeletal
                  | structure. (Dex +2, Stealth) [demonic ancestry]
  2520 | D:2      | Reached XP level 5. HP: 19/39 MP: 9/9
  2521 | D:2      | Quit the game

Levels and vault maps discovered:
D:1:      lightli_arrival_statuegarden, layout_loops_corners,
          lemuel_flame_loot_1
D:2:      layout_loops_corners, minmay_pentomino_t2
D:3:      layout_basic, makhleb_altar_promises_db

Skill      XL: |  1  2  3 |
---------------+----------+-----
Transmutations | 2 |  2.7
Dodging        | 2 |  2.8
Unarmed Combat | 3 |  3.4
Fighting       | 2 |  2.4
Spellcasting   | |  2.9

Action                   |  1- 3 |  4- 6 || total
-------------------------+-------+-------++-------
Melee: Unarmed           |   123 |    24 ||   147
       Headbutt          |     2 |     3 ||     5
       Punch             |     1 |     1 ||     2
 Cast: Beastly Appendage |     4 |     6 ||    10
       Sticks to Snakes  |     2 |     2 ||     4
  Eat: Chunk             |     3 |     2 ||     5
Armor: Robe              |    24 |     2 ||    26
Dodge: Dodged            |    77 |    15 ||    92

Table legend:
 A = Non-vault XP
 B = Vault XP
 C = Vault XP percentage of total XP
 D = Non-vault monster count
 E = Vault monster count
 F = Vault count percentage of total count
                 A         B        C        D         E       F
            +---------+---------+-------+---------+---------+-------
      Total |     275 |       2 |   0.7 |      32 |       1 |   3.0
            +---------+---------+-------+---------+---------+-------
        D:1 |      28 |       0 |   0.0 |      16 |       0 |   0.0
        D:2 |     244 |       2 |   0.8 |      14 |       1 |   6.7
        D:3 |       3 |       0 |   0.0 |       2 |       0 |   0.0
            +---------+---------+-------+---------+---------+-------
